 Dungeon Sprint DCSS version 0.27-a0-156-gbcd94eb011 (webtiles) character file.

Game seed: 2740450915208781195

1167 mhtbhm the Martial Artist (level 8, -8/58 HPs)
             Began as an Octopode Transmuter on Jan 28, 2021.
             Was a Priest of Sif Muna.
             Mangled by a centaur warrior (12 damage)
             ... in the Dungeon (Sprint IX: "|||||||||||||||||||||||||||||").
             The game lasted 00:01:16 (890 turns).

mhtbhm the Martial Artist (Octopode Transmuter)      Turns: 890, Time: 00:01:17

Health: -8/58      AC:  5    Str: 11    XL:     8   Next: 40%
Magic:  12/18      EV: 16    Int: 15    God:    Sif Muna [***...]
Gold:   0          SH:  0    Dex: 16    Spells: 6/21 levels left

rFire    x . .     SeeInvis .     - Unarmed
rCold    + + +     Faith    .   (shield currently unavailable)
rNeg     . . .     Spirit   .   (helmet currently unavailable)
rPois    +         Reflect  .   (no amulet)
rElec    .         Harm     .   k - +2 ring of evasion
rCorr    .         Rampage  .   l - +3 ring of dexterity
Will     .....     NoTele   +   (no ring)
Stlth    ++++......             (no ring)
HPRegen  0.19/turn              (no ring)
MPRegen  0.16/turn              (no ring)
                                (no ring)
                                (no ring)

@: ice-form, wereblooded
A: large, almost no armour, stealthy swim, amphibious, 8 rings, (constrict 8)
a: End Transformation, Renounce Religion, Channel Magic, Forget Spell


You were in the Dungeon.
You worshipped Sif Muna.
Sif Muna was most pleased with you.
You were a creature of crystalline ice.
You visited 1 branch

Inventory:

Jewellery
 k - a +2 ring of evasion (left front paw)
 l - a +3 ring of dexterity (right front paw)
Wands
 j - a wand of iceblast (7)
Scrolls
 g - 2 scrolls of blinking
 h - 3 scrolls of remove curse
 i - 2 scrolls of amnesia
Potions
 a - a potion of invisibility
 b - 5 potions of curing
 c - 2 potions of heal wounds
 d - a potion of haste
 e - 4 potions of magic
 f - a potion of berserk rage


   Skills:
 + Level 1.6 Fighting
 + Level 6.9 Dodging
 + Level 7.7 Stealth
 + Level 12.2 Unarmed Combat
 + Level 7.0 Spellcasting
 + Level 6.7 Transmutations
 + Level 2.0 Ice Magic
 + Level 1.5 Evocations


You had 6 spell levels left.
You knew the following spells:

 Your Spells              Type           Power        Failure   Level
a - Beastly Appendage     Tmut           50%          1%          1
b - Wereblood             Tmut           25%          1%          2
c - Spider Form           Tmut/Pois      7%           10%         3
d - Ice Form              Ice/Tmut       18%          22%         4
e - Blade Hands           Tmut           12%          22%         5

Your spell library contained the following spells:

 Spells                   Type           Power        Failure   Level


Dungeon Overview and Level Annotations

Branches:
Dungeon (1/1)

Altars:
Cheibriados
Dithmenos
Elyvilon
Fedhas
Gozag
Hepliaklqana
Kikubaaqudgha
Makhleb
Nemelex Xobeh
Okawaru
Qazlal
Ru
Sif Muna
Trog
Uskayaw
Vehumet
Wu Jian
Xom
Yredelemnul
Zin
The Shining One
Beogh
Jiyva
Lugonu


Innate Abilities, Weirdness & Mutations

You cannot wear most types of armour.
You are very stealthy in the water. (Stealth+)
You are amphibious.
You can wear up to eight rings at the same time.
((You can use your tentacles to constrict eight enemies at once.))
((Your skin changes colour to match your surroundings (Stealth+).))
((Your rubbery body absorbs attacks. (AC +1, EV +1)))


Message History

You can now freely open your mind to new spells.
Reactivating autopickup.
You feel a bit more experienced.
Your Unarmed Combat skill increases to level 12!
Your Spellcasting skill increases to level 7!
Your Ice Magic skill increases to level 2!
You have reached level 8!
The centaur warrior shoots an arrow.
The arrow hits you!!
* * * LOW HITPOINT WARNING * * *
The centaur warrior shoots an arrow.
The arrow hits you!
* * * LOW HITPOINT WARNING * * *
Things that are here:
a +0 shortbow; 18 arrows You howl as the wereblood boils in your veins!
The centaur warrior unwields a +0 longbow.
The centaur warrior hits you but does no damage.
You pummel the centaur warrior!! You freeze the centaur warrior.
The centaur warrior is heavily wounded.
The centaur warrior hits you!
You die... ▓▓▓▓▓▓▓▓▓▓▓▓▓▓▓▓▓▓▓▓▓▓ ).[[[..'))....†)Yc...+ ▓▓▓▓▓▓▓▓▓▓▓▓▓▓▓▓▓▓▓▓▓▓

You could see a centaur warrior.

Vanquished Creatures
  An unseen horror (D)
  A troll (D)
  A wyvern (D)
  An ice beast (D)
  An ogre (D)
  2 centaurs (D)
  A bullfrog (D)
  A howler monkey (D)
  A worker ant (D)
  An adder skeleton (D)
  A leopard gecko (D)
  A bat skeleton (D)
  A bat zombie (D)
  A giant cockroach (D)
  2 goblins (D)
  A hobgoblin (D)
  A bat (D)
  A rat (D)
20 creatures vanquished.

Vanquished Creatures (others)
  An orc wizard (D)
1 creature vanquished.

Grand Total: 21 creatures vanquished

Notes
Turn   | Place    | Note
-------+----------+-------------------------------------------
     0 | D        | mhtbhm the Octopode Transmuter began the quest for the Orb.
     0 | D        | Reached XP level 1. HP: 13/13 MP: 3/3
   152 | D        | Noticed a howler monkey
   152 | D        | Noticed a worker ant
   156 | D        | Killed a howler monkey
   157 | D        | Reached skill level 5 in Unarmed Combat
   157 | D        | Reached XP level 2. HP: 16/18 MP: 3/6
   157 | D        | Reached XP level 3. HP: 21/23 MP: 3/7
   165 | D        | Reached skill level 6 in Unarmed Combat
   165 | D        | Reached XP level 4. HP: 13/28 MP: 4/9
   173 | D        | Learned a level 2 spell: Wereblood
   177 | D        | Learned a level 3 spell: Spider Form
   182 | D        | Learned a level 4 spell: Ice Form
   186 | D        | Found a roughly hewn altar of Beogh.
   186 | D        | Found a snail-covered altar of Cheibriados.
   186 | D        | Found a shadowy altar of Dithmenos.
   186 | D        | Found a white marble altar of Elyvilon.
   186 | D        | Found a blossoming altar of Fedhas.
   186 | D        | Found an opulent altar of Gozag.
   187 | D        | Found a hazy altar of Hepliaklqana.
   188 | D        | Found a viscous altar of Jiyva.
   189 | D        | Found an ancient bone altar of Kikubaaqudgha.
   190 | D        | Found a corrupted altar of Lugonu.
   191 | D        | Found a burning altar of Makhleb.
   192 | D        | Found a sparkling altar of Nemelex Xobeh.
   193 | D        | Found an iron altar of Okawaru.
   194 | D        | Found a stormy altar of Qazlal.
   195 | D        | Found a sacrificial altar of Ru.
   196 | D        | Found a shimmering blue altar of Sif Muna.
   197 | D        | Found a bloodstained altar of Trog.
   198 | D        | Found a hide-covered altar of Uskayaw.
   199 | D        | Found a radiant altar of Vehumet.
   200 | D        | Found an ornate altar of the Wu Jian Council.
   201 | D        | Found a shimmering altar of Xom.
   202 | D        | Found a basalt altar of Yredelemnul.
   203 | D        | Found a glowing silver altar of Zin.
   204 | D        | Became a worshipper of Sif Muna the Loreminder
   205 | D        | Found a glowing golden altar of the Shining One.
   479 | D        | Noticed an ice beast
   479 | D        | Noticed a centaur
   479 | D        | Noticed a bullfrog
   479 | D        | Noticed a wyvern
   479 | D        | Noticed an ogre
   484 | D        | Killed an ice beast
   485 | D        | Reached skill level 8 in Unarmed Combat
   485 | D        | Reached XP level 5. HP: 31/33 MP: 3/11
   488 | D        | Killed a centaur
   489 | D        | Reached skill level 5 in Spellcasting
   489 | D        | Reached XP level 6. HP: 36/38 MP: 4/13
   489 | D        | Reached * piety under Sif Muna
   490 | D        | Reached skill level 5 in Dodging
   490 | D        | Reached skill level 5 in Stealth
   490 | D        | Reached skill level 9 in Unarmed Combat
   490 | D        | Reached skill level 5 in Transmutations
   491 | D        | Killed a wyvern
   492 | D        | Reached skill level 10 in Unarmed Combat
   492 | D        | Reached skill level 1 in Ice Magic
   492 | D        | Reached XP level 7. HP: 38/43 MP: 4/15
   675 | D        | Learned a level 5 spell: Blade Hands
   874 | D        | Noticed a troll
   874 | D        | Noticed a centaur warrior
   876 | D        | Reached ** piety under Sif Muna
   880 | D        | Killed a troll
   881 | D        | Reached skill level 11 in Unarmed Combat
   881 | D        | Reached skill level 1 in Evocations
   887 | D        | Killed an unseen horror
   887 | D        | Reached *** piety under Sif Muna
   888 | D        | Reached skill level 12 in Unarmed Combat
   888 | D        | Reached XP level 8. HP: 35/49 MP: 12/18
   890 | D        | Mangled by a centaur warrior

Illustrated notes

Levels and vault maps discovered:
D:        linesprint [early_d, line_temple, items_1, d_10, items_2, lair_1,
          lair_end, items_3, orc_1, orc_end, items_4, d_15, swamp_1, shoals_1,
          snake_1, spider_1, d_20, vaults_1, items_5, swamp_end, shoals_end,
          snake_end, spider_end, vaults_end, d_27, items_6, zot_1, zot_end,
          crypt_end, forest_end, elf_end, slime_end, tomb_end, abyss_end,
          pan_hell_end]

Skill      XL: |  1  2  3  4  5  6  7 |
---------------+----------------------+-----
Stealth        | 2 4 6 7 |  7.7
Unarmed Combat | 5 6 8 10 12 | 12.2
Spellcasting   | 3 4 5 7 |  7.0
Transmutations | 3 4 5 6 |  6.7
Dodging        | 3 4 5 6 |  6.9
Ice Magic      | 1 2 |  2.0
Evocations     | 1 |  1.5
Fighting       | |  1.6

Action                   |  1- 3 |  4- 6 |  7- 9 || total
-------------------------+-------+-------+-------++-------
Melee: Unarmed           |    19 |    12 |    14 ||    45
       Constrict         |     7 |     2 |       ||     9
       Kick              |     7 |       |       ||     7
       Tentacles         |     3 |       |       ||     3
       Punch             |     1 |       |       ||     1
 Cast: Beastly Appendage |     2 |       |       ||     2
       Ice Form          |       |     1 |     1 ||     2
       Wereblood         |       |     1 |     1 ||     2
Evoke: Wand              |       |     2 |     1 ||     3
  Use: Potion            |       |       |     1 ||     1
 Stab: Sleeping          |     2 |       |       ||     2
Armor: Skin              |       |     1 |     7 ||     8
Dodge: Dodged            |     9 |     7 |     7 ||    23

Table legend: (Time is in decaauts)
 A = Elapsed time spent in this place.
 B = Non-inter-level travel time spent in this place.
 C = Inter-level travel time spent in this place.
 D = Time resting spent in this place.
 E = Time spent auto-exploring this place.
 F = Levels seen in this place.
 G = Mean time per level.
                   A        B        C        D        E       F      G
               +--------+--------+--------+--------+--------+-----+--------+
         Total |    883 |    883 |      0 |    738 |      0 |   1 |  883.0 |
       Dungeon |    883 |    883 |      0 |    738 |      0 |   1 |  883.0 |
               +--------+--------+--------+--------+--------+-----+--------+

Top non-repeatable levels by time:
       D: 883 daAuts
